 Dungeon Crawl Stone Soup version 0.31-a0-188-g5e087ee2ca (webtiles) character file.

Game seed: 9543349202263755050

19 qw the Shooter (level 2, 0/16 HPs)
             Began as a Deep Elf Hunter on June 23, 2023.
             Slain by a goblin
             ... wielding a +0 dagger
              (3 damage)
             ... on level 1 of the Dungeon.
             The game lasted 00:00:05 (192 turns).

qw the Shooter (Deep Elf Hunter)                     Turns: 192, Time: 00:00:06

Health: 0/16       AC:  3    Str:  8    XL:     2   Next: 55%
Magic:  4/4        EV: 12    Int: 13    God:
Gold:   20         SH:  0    Dex: 18    Spells: 1/1 levels left

rFire   . . .        a - +0 shortbow
rCold   . . .        (shield currently unavailable)
rNeg    . . .        c - +0 leather armour
rPois   .            (no helmet)
rElec   .            (no cloak)
rCorr   .            (no gloves)
SInv    .            (no boots)
Will    .....        (no amulet)
Stlth   ++           (no ring)
HPRegen 0.22/turn    (no ring)
MPRegen 0.09/turn

%: no passive effects
@: no status effects
A: no striking features
a: no special abilities


You were on level 1 of the Dungeon.
You visited 1 branch of the dungeon, and saw 1 of its levels.

You collected 20 gold pieces.


   Skills:
 - Level 1.5 Fighting
 + Level 6.3 Ranged Weapons
 - Level 2.4 Dodging
 - Level 1.2 Stealth


You had one spell level left.
You didn't know any spells.
Your spell library was empty.

Inventory:

Hand Weapons
 a - a +0 shortbow (weapon)
Armour
 c - a +0 leather armour (worn)
Jewellery
 d - a ring of flight
Scrolls
 b - a scroll of butterflies
 f - a scroll of vulnerability {unknown}
 g - a scroll of identify {unknown}
Potions
 e - a potion of curing {unknown}

Dungeon Overview and Level Annotations

Branches:
Dungeon (1/15)

Altars:


Message History

You have reached level 2!
You shoot an arrow. The arrow closely misses the gnoll.
The arrow barely misses the hobgoblin.
The hobgoblin shouts!
You shoot an arrow. The arrow barely misses the gnoll.
The arrow hits the hobgoblin but does no damage.
A kobold comes into view. It is wielding a +0 whip.
You shoot an arrow. The arrow closely misses the gnoll.
The kobold shouts!
The gnoll misses you.
You shoot an arrow. The arrow hits the gnoll.
The gnoll is lightly wounded.
The gnoll misses you.
You shoot an arrow. The arrow hits the gnoll.
The gnoll is moderately wounded.
The gnoll barely misses you.
You shoot an arrow. The arrow hits the gnoll.
The gnoll is heavily wounded.
The gnoll hits you with a +0 club.
You shoot an arrow.
The arrow hits the gnoll but does no damage.
The gnoll is heavily wounded.
The gnoll hits you but does no damage.
You shoot an arrow. The arrow hits the gnoll.
The gnoll is severely wounded.
The goblin closely misses you. The gnoll hits you with a +0 club!
The goblin barely misses you. The gnoll completely misses you.
You shoot an arrow. The arrow hits the gnoll.
You kill the gnoll!
The hobgoblin hits you. The goblin misses you.
Your Ranged Weapons skill increases to level 6!
You shoot an arrow. The arrow hits the hobgoblin!
You kill the hobgoblin!
The kobold barely misses you. The goblin barely misses you.
You shoot an arrow. The arrow hits the goblin.
The goblin is moderately wounded.
The kobold closely misses you. The goblin closely misses you.
You shoot an arrow. The arrow closely misses the goblin.
The kobold hits you with a +0 whip. The goblin hits you with a +0 dagger.
You die...

.. . ########## #) .##
#......... #.. ..#
#......... #.. #.#
##......... . #..# #.#
#..%....... ...#... #.#
#.......... ......K##.#
#..........
......g@..####..........
......%........####+####
......##..#########.####
.........).........>#...
##.######.....#####.#...
# ####.....##.#...
#####.##.#... #.##.#...
#.##.#.##


You could see a goblin and a kobold.

Vanquished Creatures
  A gnoll (D:1)
  2 ball pythons (D:1)
  3 bats (D:1)
  A hobgoblin (D:1)
  2 goblins (D:1)
9 creatures vanquished.

Notes
Turn   | Place    | Note
-------+----------+-------------------------------------------
     0 | D:1      | qw the Deep Elf Hunter began the quest for the Orb.
     0 | D:1      | Reached XP level 1. HP: 12/12 MP: 3/3
     0 | D:1      | 0 ||| qw: Version: 0.3-a-9-g12657ce
     0 | D:1      | 0 ||| qw: Game counter: 3903
     0 | D:1      | 0 ||| qw: Always use a shield: true
     0 | D:1      | 0 ||| qw: God list: Okawaru
     0 | D:1      | 0 ||| qw: Allow faded altars: false
     0 | D:1      | 0 ||| qw: Do Orc after D:15 true
     0 | D:1      | 0 ||| qw: Do second Lair branch before Depths: true
     0 | D:1      | 0 ||| qw: Lair rune preference: random
     0 | D:1      | 0 ||| qw: Plans: Normal
     0 | D:1      | 0 ||| PLANNING D:1-11
   181 | D:1      | Reached XP level 2. HP: 16/16 MP: 4/4
   189 | D:1      | HP: 3/16 [hobgoblin (4)]
   190 | D:1      | Reached skill level 6 in Ranged Weapons
   192 | D:1      | Slain by a goblin

Levels and vault maps discovered:
D:1:      lightli_arrival_farm, layout_basic,
          hellmonk_ecumenical_altar_crossroads, bh_walls_and_bars

Skill      XL: |  1  2 |
---------------+-------+-----
Ranged Weapons | 6 |  6.3
Fighting       | |  1.5
Dodging        | |  2.4
Stealth        | |  1.2

Action                     || total
---------------------------++-------
   Fire: Shortbow          ||    27
 Armour: Leather armour    ||     5
  Dodge: Dodged            ||    16

Table legend:
 A = Non-vault XP
 B = Vault XP
 C = Vault XP percentage of total XP
 D = Non-vault monster count
 E = Vault monster count
 F = Vault count percentage of total count
                 A         B        C        D         E       F
            +---------+---------+-------+---------+---------+-------
      Total |      28 |       0 |   0.0 |       9 |       0 |   0.0
            +---------+---------+-------+---------+---------+-------
        D:1 |      28 |       0 |   0.0 |       9 |       0 |   0.0
            +---------+---------+-------+---------+---------+-------
